 Dungeon Crawl Stone Soup version 0.31.0-11-ge490571c62 (webtiles) character file.

Game seed: 3853177962070708479

140 qw the Skirmisher (level 5, 0/29 HPs)
             Began as a Deep Elf Hunter on Feb 5, 2024.
             Slain by a ribbon worm (4 damage)
             ... on level 3 of the Dungeon.
             The game lasted 00:00:52 (2143 turns).

qw the Skirmisher (Deep Elf Hunter)                 Turns: 2143, Time: 00:00:52

Health: 0/29       AC:  5    Str: 10    XL:     5   Next: 2%
Magic:  7/7        EV:  6    Int: 14    God:
Gold:   161        SH:  0    Dex: 18    Spells: 4/4 levels left

rFire   . . .        a - +0 shortbow
rCold   . . .        (shield currently unavailable)
rNeg    . . .        e - +0 ring mail
rPois   .            (no helmet)
rElec   .            (no cloak)
rCorr   .            (no gloves)
SInv    +            (no boots)
Will    .....        (no amulet)
Stlth   +            j - ring of see invisible
HPRegen 0.24/turn    (no ring)
MPRegen 0.10/turn

%: no passive effects
@: held
A: no striking features
a: no special abilities


You were on level 3 of the Dungeon.
You visited 1 branch of the dungeon, and saw 3 of its levels.

You collected 161 gold pieces.


   Skills:
 - Level 1.5 Fighting
 + Level 8.4 Ranged Weapons
 - Level 2.4 Dodging
 - Level 1.2 Stealth


You had 4 spell levels left.
You didn't know any spells.
Your spell library was empty.

Inventory:

Hand Weapons
 a - a +0 shortbow (weapon)
Armour
 e - a +0 ring mail (worn)
Jewellery
 j - a ring of see invisible (left hand)
Scrolls
 b - a scroll of blinking {unknown}
 c - 3 scrolls of identify
 l - a scroll of revelation {unknown}
 m - 2 scrolls of enchant weapon {unknown}
Potions
 d - a potion of brilliance {unknown}
 f - 2 potions of curing {unknown}
 g - a potion of haste
 h - a potion of cancellation
 i - 2 potions of lignification {unknown}
 k - a potion of magic {unknown}
 n - a potion of mutation {unknown}
 o - a potion of attraction {unknown}

Dungeon Overview and Level Annotations

Branches:
Dungeon (3/15)

Altars:
Ashenzari

Annotations:
D:3 qw's ghost, amateur SpHu


Message History

The endoplasm freezes you.
You are frozen.
The ribbon worm bites you. The endoplasm freezes you.
You are frozen.
The ribbon worm bites you but does no damage.
The endoplasm hits you.
The ribbon worm expels a string of sticky webbing.
The stream of webbing hits you but does no damage.
You are even more entangled.
The endoplasm hits you but does no damage.
The ribbon worm expels a string of sticky webbing.
The stream of webbing hits you but does no damage.
You are even more entangled.
The endoplasm barely misses you. The endoplasm freezes you.
You are frozen.
The ribbon worm barely misses you. The endoplasm freezes you.
You are frozen.
The ribbon worm barely misses you.
The endoplasm hits you but does no damage.
The ribbon worm bites you! The endoplasm freezes you.
You are frozen.
The ribbon worm closely misses you. The endoplasm barely misses you.
Enter note:
Enter note:
Enter note:
Enter note:
Enter note:
Enter note:
Enter note:
Enter note:
Enter note: You struggle to detach yourself from the web.
The endoplasm hits you.
The ribbon worm expels a string of sticky webbing.
The stream of webbing hits you but does no damage.
You are even more entangled.
The endoplasm hits you but does no damage.
The ribbon worm bites you.
You die...

### ..# ..# ####
###.#.# ...
......<...># ..#
######.##.##....# ..#
# #....#.#.....(..#
..# ...
#..#.#..##.<..# ..#
.....#........#....#
..#
......w@#.###.#....#
..#
.......J#..........#
~..
........#..##.#.#..###
~..
#.###...#[.#..#.#....#
... #
....#..#..#.##.### ~..
##......#.......# ~..
.......####)##.# .
...###.......##.# .
##}##...#####.#


You could see a ribbon worm (catching breath) and an endoplasm.

Vanquished Creatures
  A jelly (D:3)
  Jessica (D:3)
  An adder (D:3)
  2 dart slugs
  A ribbon worm (D:3)
  An orc (D:3)
  10 bats
  5 endoplasms
  2 giant cockroaches
  11 goblins
  7 hobgoblins
  A jackal (D:3)
  9 kobolds
  3 quokkas
  2 ball pythons
  2 frilled lizards
  6 rats
65 creatures vanquished.

Notes
Turn   | Place    | Note
-------+----------+-------------------------------------------
     0 | D:1      | qw the Deep Elf Hunter began the quest for the Orb.
     0 | D:1      | Reached XP level 1. HP: 12/12 MP: 3/3
     0 | D:1      | 0 ||| qw: Version: 0.3-a-160-g6735b56
     0 | D:1      | 0 ||| qw: Game counter: 6417
     0 | D:1      | 0 ||| qw: Melee chars always use a shield: true
     0 | D:1      | 0 ||| qw: God list: Okawaru
     0 | D:1      | 0 ||| qw: Allow faded altars: false
     0 | D:1      | 0 ||| qw: Do Orc after clearing Dungeon:15 true
     0 | D:1      | 0 ||| qw: Do second Lair branch before Depths: true
     0 | D:1      | 0 ||| qw: Lair rune preference: random
     0 | D:1      | 0 ||| qw: Goals: Normal
     0 | D:1      | 0 ||| PLANNING D:1-11
   137 | D:1      | Reached skill level 6 in Ranged Weapons
   137 | D:1      | Reached XP level 2. HP: 16/16 MP: 4/4
   499 | D:1      | Reached XP level 3. HP: 20/20 MP: 5/5
   688 | D:1      | Found a faded altar of an unknown god.
   837 | D:1      | 837 ||| UPGRADING to ring of see invisible.
   838 | D:1      | 838 ||| READING 2 scrolls labelled YLOEXOAREO.
   839 | D:1      | 839 ||| READING scroll labelled OQAIV KAUMIEZI.
   840 | D:1      | 840 ||| DRINKING 2 gluggy clear potions.
   841 | D:1      | 841 ||| DRINKING 2 yellow potions.
   842 | D:1      | 842 ||| DROPPING scroll of butterflies.
   843 | D:1      | 843 ||| DROPPING scroll of noise.
   844 | D:1      | 844 ||| DROPPING potion of degeneration.
  1253 | D:2      | Reached skill level 7 in Ranged Weapons
  1517 | D:2      | 1517 ||| UPGRADING to +0 ring mail.
  1527 | D:2      | 1527 ||| DROPPING +0 leather armour.
  1528 | D:2      | 1528 ||| READING scroll labelled HYPNIMU GESA.
  1528 | D:2      | 1528 ||| IDENTIFYING dark potion
  1529 | D:2      | 1529 ||| DRINKING 2 puce potions.
  1530 | D:2      | 1530 ||| DROPPING potion of berserk rage.
  1582 | D:3      | 1582 ||| FLEEEEING.
  1583 | D:3      | 1583 ||| FLEEEEING.
  1584 | D:3      | 1584 ||| FLEEEEING.
  1585 | D:3      | 1585 ||| FLEEEEING.
  1586 | D:3      | 1586 ||| FLEEEEING.
  1587 | D:3      | 1587 ||| FLEEEEING.
  1588 | D:3      | 1588 ||| FLEEEEING.
  1589 | D:3      | 1589 ||| FLEEEEING.
  1590 | D:3      | 1590 ||| FLEEEEING.
  1591 | D:3      | 1591 ||| FLEEEEING.
  1592 | D:3      | 1592 ||| FLEEEEING.
  1593 | D:3      | 1593 ||| FLEEEEING.
  1594 | D:3      | 1594 ||| FLEEEEING.
  1595 | D:3      | 1595 ||| FLEEEEING.
  1596 | D:3      | 1596 ||| FLEEEEING.
  1597 | D:3      | 1597 ||| FLEEEEING.
  1598 | D:3      | 1598 ||| FLEEEEING.
  1599 | D:3      | 1599 ||| FLEEEEING.
  1600 | D:3      | 1600 ||| STAIRDANCE
  1666 | D:3      | Reached XP level 4. HP: 20/25 MP: 6/6
  1806 | D:3      | Found a broken altar of Ashenzari.
  1849 | D:3      | Noticed Jessica
  1851 | D:3      | Killed Jessica
  1852 | D:3      | Reached skill level 8 in Ranged Weapons
  2071 | D:3      | Reached XP level 5. HP: 29/29 MP: 7/7
  2092 | D:3      | Noticed qw's ghost (amateur SpHu)
  2140 | D:3      | HP: 6/29 [frozen (2)]
  2143 | D:3      | Slain by a ribbon worm

Levels and vault maps discovered:
D:1:      roderic_chinese_lattice_arrival, layout_basic,
          shapermc_ecumenical_altar_mp_vishouse
D:2:      layout_basic
D:3:      wad_river_or_something, layout_basic,
          mainiacjoe_overflow_small_starburst, hellmonk_ghost_happy_afterlife,
          minmay_randomly_rotated_circles, uniq_jessica

Skill      XL: |  1  2  3  4 |
---------------+-------------+-----
Ranged Weapons | 6 7 8 |  8.4
Fighting       | |  1.5
Dodging        | |  2.4
Stealth        | |  1.2

Action                     |  1- 3 |  4- 6 || total
---------------------------+-------+-------++-------
   Fire: Shortbow          |   114 |    68 ||   182
    Use: Scroll            |     3 |       ||     3
         Potion            |     3 |       ||     3
 Armour: Leather armour    |    13 |       ||    13
         Ring mail         |    11 |    29 ||    40
  Dodge: Dodged            |    25 |    18 ||    43

Table legend:
 A = Non-vault XP
 B = Vault XP
 C = Vault XP percentage of total XP
 D = Non-vault monster count
 E = Vault monster count
 F = Vault count percentage of total count
                 A         B        C        D         E       F
            +---------+---------+-------+---------+---------+-------
      Total |     144 |      56 |  28.0 |      53 |      12 |  18.5
            +---------+---------+-------+---------+---------+-------
        D:1 |      46 |       0 |   0.0 |      28 |       0 |   0.0
        D:2 |      21 |       0 |   0.0 |      12 |       0 |   0.0
        D:3 |      77 |      56 |  42.1 |      13 |      12 |  48.0
            +---------+---------+-------+---------+---------+-------
